 Dungeon Crawl Stone Soup version 0.26-a0-662-g8b9c6dab81 (console) character file.

Game seed: 18265016931550666616

187 om the Firebug (level 5, -1/38 HPs)
             Began as a Draconian Fire Elementalist on Oct 9, 2020.
             Slain by an orc wizard
             ... wielding a +0 falchion
              (7 damage)
             ... on level 4 of the Dungeon.
             The game lasted 00:07:57 (6688 turns).

om the Firebug (Draconian Fire Elementalist)        Turns: 6688, Time: 00:07:58

Health: -1/38      AC:  5    Str: 12    XL:     5   Next: 39%
Magic:  3/9        EV: 13    Int: 15    God:
Gold:   132        SH:  0    Dex: 17    Spells: 5/9 levels left

rFire    . . .     SeeInvis .   m - +0 whip
rCold    + . .     Faith    .   (no shield)
rNeg     . . .     Spirit   .   (armour unavailable)
rPois    .         Reflect  .   (helmet restricted)
rElec    .         Harm     .   (no cloak)
rCorr    .         Rampage  .   (no gloves)
MR       .....                  (no boots)
Stlth    ++........             (no amulet)
HPRegen  0.12/turn              p - ring of protection from cold
MPRegen  0.11/turn              s - +6 ring of dexterity

@: no status effects
A: unfitting armour, cold-blooded, AC +5
a: no special abilities


You were on level 4 of the Dungeon.
You visited 1 branch of the dungeon, and saw 4 of its levels.

You collected 132 gold pieces.

Inventory:

Hand Weapons
 m - a +0 whip (weapon)
Jewellery
 p - a ring of protection from cold (left hand)
 s - a +6 ring of dexterity (right hand)
Wands
 t - a wand of flame (16)
Scrolls
 c - 4 scrolls of amnesia {unknown}
 e - 11 scrolls of identify {unknown}
 g - 2 scrolls of random uselessness {unknown}
 k - 2 scrolls of teleportation {unknown}
 l - 3 scrolls of enchant armour {unknown}
 o - 2 scrolls of remove curse {unknown}
 r - a scroll of magic mapping {unknown}
Potions
 a - 2 potions of stabbing {unknown}
 b - a potion of mutation {unknown}
 d - a potion of berserk rage {unknown}
 f - 2 potions of lignification {unknown}
 h - a potion of heal wounds {unknown}
 i - 2 potions of haste {unknown}
 j - a potion of flight {unknown}
 n - 3 potions of curing {unknown}
 q - a potion of ambrosia {unknown}


   Skills:
 + Level 2.6 Dodging
 + Level 2.7 Stealth
 + Level 2.7 Spellcasting
 * Level 2.5 Conjurations
 * Level 4.1 Fire Magic


You had 5 spell levels left.
You knew the following spells:

 Your Spells              Type           Power        Failure   Level
a - Foxfire               Conj/Fire      ##..         5%          1
b - Conjure Flame         Conj/Fire      ##......     16%         3

Your spell library contained the following spells:

 Spells                   Type           Power        Failure   Level
 Corona                   Hex            #......      21%         1
 Inner Flame              Hex/Fire       #.......     26%         3
 Ensorcelled Hibernation  Hex/Ice        #.....       30%         2
 Dazzling Flash           Conj/Hex       #.....       36%         3
 Sticky Flame             Conj/Fire      ##......     45%         4
 Confusing Touch          Hex            #.......     52%         3
 Tukima's Dance           Hex            #.......     52%         3
 Fireball                 Conj/Fire      ##........   82%         5


Dungeon Overview and Level Annotations

Branches:
Dungeon (4/15)
 Temple: D:4-7

Altars:
Gozag
Uskayaw

Annotations:
D:4 3 runed translucent doors, tom967's ghost, amateur DgEE


Innate Abilities, Weirdness & Mutations

Your plain brown scales are hard. (AC +5)
You cannot fit into any form of body armour.
You are cold-blooded and may be slowed by cold attacks.


Message History

You bump into the rock wall.
The orc closely misses you. Something hits you.
You bump into the rock wall.
You feel less confused. The orc hits you but does no damage.
You hear some strange, mumbled words.
A magic dart appears from out of thin air!
The magic dart hits you!
You completely miss something. The orc hits you with a +0 club.
Something hits you.
* * * LOW HITPOINT WARNING * * *
Casting: Foxfire (safe; 5% risk of failure)
Confirm with . or Enter, or press ? or * to list all spells.
You conjure some foxfire!
The orc misses you. Something hits you.
* * * LOW HITPOINT WARNING * * *
Casting: Foxfire (safe; 5% risk of failure)
Confirm with . or Enter, or press ? or * to list all spells.
You conjure some foxfire!
The foxfire hits something but does no damage.
The foxfire hits the orc but does no damage.
The orc hits you but does no damage. Something hits you!
You die...

#.............#
##.##########.#####
#.# #.....# #.#
#####.# ###.# #.#
..#<# #.# ....# #.#
##### #.# ##
##.######. $
########ยง........
8#
..(...v@..######.
l# ######v{o.# ##
#...#.# # #......#
#.......#
........!.
.##.......#
##......#


You could see an orc.

Vanquished Creatures
  An orc wizard (D:2)
  A worker ant (D:4)
  4 adders
  A shadow imp (D:3)
  An ooze (D:1)
  4 leopard geckos
  5 orcs
  3 giant cockroaches
  12 goblins
  7 hobgoblins
  9 jackals
  3 kobolds
  4 quokkas (D:3)
  A ball python (D:2)
  7 bats
  6 frilled lizards
  10 rats
79 creatures vanquished.

Vanquished Creatures (others)
  226 foxfires
226 creatures vanquished.

Grand Total: 305 creatures vanquished

Notes
Turn   | Place    | Note
-------+----------+-------------------------------------------
     0 | D:1      | om the Draconian Fire Elementalist began the quest for the
                  | Orb.
     0 | D:1      | Reached XP level 1. HP: 14/14 MP: 3/3
   979 | D:1      | Reached XP level 2. HP: 18/20 MP: 0/5
  2073 | D:1      | Reached XP level 3. HP: 26/26 MP: 0/6
  3471 | D:2      | Learned a level 3 spell: Conjure Flame
  3648 | D:1      | Reached XP level 4. HP: 32/33 MP: 3/7
  5679 | D:2      | Reached skill level 4 in Fire Magic
  5679 | D:2      | Reached XP level 5. HP: 25/38 MP: 1/8
  6415 | D:4      | Found a runed translucent gate.
  6415 | D:4      | Found a runed translucent gate.
  6415 | D:4      | Found a runed translucent gate.
  6415 | D:4      | Found an opulent altar of Gozag.
  6417 | D:4      | Noticed tom967's ghost (amateur DgEE)
  6428 | D:4      | Found a hide-covered altar of Uskayaw.
  6688 | D:4      | Slain by an orc wizard

Illustrated notes

Levels and vault maps discovered:
D:1:      dpeg_arrival_subterranean_lakeside_camping, layout_basic
D:2:      layout_basic, nrook_mini_backslash, minmay_misc_feat_doors
D:3:      layout_loops_ring
D:4:      layout_loops_ring, eat_drink_and_be_merry_uskayaw,
          minmay_temple_entry_offerings, ebering_ghost_gozag

Skill      XL: |  1  2  3  4 |
---------------+-------------+-----
Stealth        | 2 |  2.7
Dodging        | 2 |  2.6
Conjurations   | 2 |  2.5
Fire Magic     | 4 |  4.1
Spellcasting   | |  2.7

Action                   |  1- 3 |  4- 6 || total
-------------------------+-------+-------++-------
Melee: Unarmed           |    15 |       ||    15
       Whip              |     2 |    56 ||    58
       Tailslap          |       |     4 ||     4
 Cast: Foxfire           |    78 |    85 ||   163
       Conjure Flame     |       |     2 ||     2
 Stab: Sleeping          |     1 |     1 ||     2
Armor: Skin              |    33 |    35 ||    68
Dodge: Dodged            |    75 |    93 ||   168

Table legend: (Time is in decaauts)
 A = Elapsed time spent in this place.
 B = Non-inter-level travel time spent in this place.
 C = Inter-level travel time spent in this place.
 D = Time resting spent in this place.
 E = Time spent auto-exploring this place.
 F = Levels seen in this place.
 G = Mean time per level.
                   A        B        C        D        E       F      G
               +--------+--------+--------+--------+--------+-----+--------+
         Total |   6698 |   6569 |    129 |   3409 |   2241 |   4 | 1674.5 |
       Dungeon |   6698 |   6569 |    129 |   3409 |   2241 |   4 | 1674.5 |
               +--------+--------+--------+--------+--------+-----+--------+

Top non-repeatable levels by time:
     D:1: 3271 daAuts
     D:2: 1816 daAuts
     D:3: 1337 daAuts
     D:4: 273 daAuts
